 Dungeon Crawl Stone Soup version 0.32-a0-571-gec57dfcd37 (webtiles) character file.

Game seed: 4539606149620111308

1264 ytrimaz the Unbeliever (level 8, -2/58 HPs)
             Began as a Coglin Monk on Mar 1, 2024.
             Slain by a gnoll
             ... wielding a +0 whip
             ... led by a gnoll bouda
              (4 damage)
             ... on level 6 of the Dungeon.
             The game lasted 00:05:27 (5664 turns).

ytrimaz the Unbeliever (Coglin Monk)                Turns: 5664, Time: 00:05:28

Health: -2/58      AC:  9    Str: 14    XL:     8   Next: 52%
Magic:  13/13      EV:  7    Int:  9    God:
Gold:   39         SH:  0    Dex: 17    Spells: 7/7 levels left

rFire   . . .        a - +1 hand axe {Qinisela}
rCold   + . .        l - +2 dagger (protect) {Xiuying}
rNeg    . . .        e - +0 chain mail {Will+}
rPois   .            r - +0 helmet
rElec   .            (no cloak)
rCorr   .            (no gloves)
SInv    .            i - +0 pair of boots
Will    +....        (amulet unavailable) Stlth
                     (ring unavailable)
HPRegen 0.29/turn    (ring unavailable)
MPRegen 0.13/turn    (no gizmo)

%: no passive effects
@: corroded, under a protective aura, revved
A: off-hand wielding, slow wielding, warmup strikes, no jewellery, cold
resistance 1
a: Invent Gizmo


You were on level 6 of the Dungeon.
You visited 1 branch of the dungeon, and saw 6 of its levels.

You collected 181 gold pieces.
You spent 142 gold pieces at shops.


Innate Abilities, Weirdness & Mutations

You can wield a second weapon in your off-hand.
It takes a long time for you to wield or remove held weapons.
Your first few attacks do less damage.
You cannot equip rings or amulets.
Your flesh is cold resistant. (rC+)


   Skills:
 - Level 3.0 Fighting
 + Level 6.5 Axes
 - Level 2.6 Dodging
 * Level 6.7 Invocations


You had 7 spell levels left.
You didn't know any spells.
Your spell library contained the following spells:

 Spells                   Type           Power      Damage    Failure   Level
 Call Canine Familiar     Summ           0%         N/A       100%        3
 Sigil of Binding         Hex            0%         N/A       100%        3
 Dimensional Bullseye     Hex/Tloc       0%         N/A       100%        4

Inventory:

Hand Weapons
 a - a +1 hand axe (weapon) {Qinisela}
 l - a +2 dagger of protection (offhand) {Xiuying}
   (You found it on level 2 of the Dungeon)
Armour
 d - an orb of light
 e - a +0 chain mail of willpower (worn)
   (You bought it in a shop on level 2 of the Dungeon)
 i - a +0 pair of boots (worn)
   (You found it on level 1 of the Dungeon)
 r - a +0 helmet (worn)
   (You found it on level 4 of the Dungeon)
Wands
 j - a wand of flame (14)
   (You found it on level 4 of the Dungeon)
 q - a wand of iceblast (1) (quivered)
   (You found it on level 4 of the Dungeon)
Scrolls
 g - 2 scrolls of blinking
 o - a scroll of vulnerability
 p - a scroll of teleportation
 t - a scroll of enchant weapon
Potions
 c - a potion of brilliance
 k - a potion of magic

Dungeon Overview and Level Annotations

Branches:
Dungeon (6/15) Zot: 26834
 Temple: D:4-7

Altars:
Nemelex Xobeh
Trog
Xom

Shops:
D:2

[ #..# ...#
#... #..###
#....
#######.#.#
........#.#
.########g).#
........@##.#
########.##)#
#.##cg.gcJ.#
#)#####g####
#.# # #.# #.#
#.# ..#


You could see a gnoll.


Message History

You barely miss the hound with your +2 dagger of protection.
You closely miss the hound with your +1 hand axe.
The hound closely misses you. The hound bites you but does no damage.
You hit the hound with your +2 dagger of protection.
You hit the hound with your +1 hand axe.
You kill the hound!
Unknown command.
You hit the jelly with your +2 dagger of protection.
The acid corrodes you!
Your graspers burn!
* * * LOW HITPOINT WARNING * * *
You hit the jelly with your +1 hand axe.
The acid corrodes you!
Your graspers burn!
* * * LOW HITPOINT WARNING * * *
The jelly barely misses you. 😨 HP[-1]
You take 1 damage, and now have 28/58 hp.
You hit the jelly but do no damage.
Your graspers burn!
* * * LOW HITPOINT WARNING * * *
You hit the jelly with your +1 hand axe.
Your graspers burn!
* * * LOW HITPOINT WARNING * * *
The jelly hits you but does no damage. 😨 HP[-5]
You take 5 damage, and now have 23/58 hp.
You hit the jelly but do no damage.
Your graspers burn!
* * * LOW HITPOINT WARNING * * *
You hit the jelly but do no damage.
Your graspers burn!
* * * LOW HITPOINT WARNING * * *
The jelly barely misses you. 😨 HP[-6]
You take 6 damage, and now have 17/58 hp.
Unknown command.
You slash the jelly with your +1 hand axe!
You kill the jelly! 😨 HP[+1]
You closely miss the gnoll with your +2 dagger of protection.
You hit the gnoll with your +1 hand axe.
The gnoll barely misses you.
You hit the gnoll but do no damage. x2; The gnoll hits you with a +0 whip.
* * * LOW HITPOINT WARNING * * *
😱 HP[-5]
You take 5 damage, and now have 13/58 hp.
Unknown command.
You closely miss the gnoll with your +2 dagger of protection.
You closely miss the gnoll with your +1 hand axe.
The gnoll completely misses you.
You hit the gnoll but do no damage. x2; The gnoll hits you but does no damage. 😱 HP[+1]
You hit the gnoll but do no damage.
You hit the gnoll with your +1 hand axe.
The gnoll hits you but does no damage.
You hit the gnoll but do no damage. x2; The gnoll hits you but does no damage.
You hit the gnoll but do no damage. x2; The gnoll hits you but does no damage. 😨 HP[+1]
You hit the gnoll but do no damage. x2; The gnoll hits you but does no damage. 😨 MP[+1]
Your mp is fully restored (13).
You barely miss the gnoll with your +2 dagger of protection.
You hit the gnoll but do no damage. The gnoll hits you with a +0 whip.
* * * LOW HITPOINT WARNING * * *
😱 HP[-4]
You take 4 damage, and now have 11/58 hp.
You barely miss the gnoll with your +1 hand axe.
You hit the gnoll but do no damage. The gnoll hits you but does no damage.
You hit the gnoll with your +2 dagger of protection.
You hit the gnoll but do no damage. The gnoll hits you with a +0 whip.
* * * LOW HITPOINT WARNING * * *
😱 HP[-1]
You take 1 damage, and now have 10/58 hp.
You barely miss the gnoll with your +1 hand axe.
You barely miss the gnoll with your +2 dagger of protection.
The gnoll closely misses you.
You hit the gnoll with your +2 dagger of protection.
You closely miss the gnoll with your +1 hand axe.
The gnoll hits you with a +0 whip.
* * * LOW HITPOINT WARNING * * *
😱 HP[-1]
You take 1 damage, and now have 9/58 hp.
You barely miss the gnoll with your +1 hand axe.
You barely miss the gnoll with your +2 dagger of protection.
The gnoll hits you with a +0 whip.
* * * LOW HITPOINT WARNING * * *
😱 HP[-2]
You take 2 damage, and now have 7/58 hp.
Unknown command.
You hit the gnoll but do no damage.
You closely miss the gnoll with your +1 hand axe.
The gnoll barely misses you.
You hit the gnoll but do no damage.
You completely miss the gnoll with your +2 dagger of protection.
The gnoll hits you but does no damage.
You hit the gnoll but do no damage. x2; The gnoll hits you but does no damage.
You hit the gnoll but do no damage. x2; The gnoll hits you with a +0 whip.
* * * LOW HITPOINT WARNING * * *
Unknown command. 😱 HP[-5]
You take 5 damage, and now have 2/58 hp.
You hit the gnoll with your +2 dagger of protection.
You hit the gnoll but do no damage. The gnoll hits you with a +0 whip.
You die...

Skill      XL: |  1  2  3  4  5  6  7 |
---------------+----------------------+-----
Invocations    | 1 2 3 4 6 |  6.7
Axes           | 4 5 6 |  6.5
Fighting       | |  3.0
Dodging        | |  2.6

Action                     |  1- 3 |  4- 6 |  7- 9 || total
---------------------------+-------+-------+-------++-------
  Melee: Hand axe          |   101 |   101 |   173 ||   375
         Dagger            |     6 |    97 |   168 ||   271
  Evoke: Wand              |       |       |     4 ||     4
    Use: Potion            |     1 |     2 |     5 ||     8
         Scroll            |       |    12 |     1 ||    13
   Stab: Sleeping          |       |     3 |       ||     3
         Invisible         |       |     1 |       ||     1
 Armour: Robe              |    76 |    61 |    67 ||   204
         Skin              |       |       |    12 ||    12
         Chain mail        |       |       |    69 ||    69
  Dodge: Dodged            |    83 |    67 |   101 ||   251

Levels and vault maps discovered:
D:1:      kilobyte_arrival_exit_the_forest, layout_basic, serial_aquarium,
          aquarium_bridge_long_joined [aquarium_subvault_wall,
          aquarium_subvault_wall, aquarium_subvault_wall,
          aquarium_subvault_balcony, aquarium_subvault_bridge,
          aquarium_subvault_wall], aquarium_window_1, aquarium_window_double,
          aquarium_view_2d, aquarium_view_2b, aquarium_balcony_5b,
          minmay_pentomino_w2
D:2:      layout_basic, serial_shops, nicolae_diamond_shop, minivault_23
D:3:      layout_basic, nemelex_dance_club_becter,
          mainiacjoe_overflow_surrounded_room,
          hellmonk_ecumenical_altar_crossroads
D:4:      layout_rooms, chequers_serial_rivers_micro_e
D:5:      layout_loops_ring, kennysheep_mini_moat, uniq_sigmund
D:6:      layout_loops_ring, kiku_gazebo_pond_becter, minivault_10

Notes
Turn   | Place    | Note
-------+----------+-------------------------------------------
     0 | D:1      | ytrimaz the Coglin Monk began the quest for the Orb.
     0 | D:1      | Reached XP level 1. HP: 18/18 MP: 1/1
     0 | D:1      | magus.rc [v1.9.6]
   230 | D:1      | Reached skill level 1 in Invocations
   230 | D:1      | Reached XP level 2. HP: 20/24 MP: 2/2
   526 | D:1      | Reached XP level 3. HP: 17/29 MP: 4/4
   529 | D:1      | HP: 7/29 [gnoll/+0 club (7)]
   530 | D:1      | HP: 2/29 [gnoll/+0 club (4)]
   536 | D:1      | HP: 4/29 [gnoll/+0 club (1)]
   537 | D:1      | HP: 1/29 [kobold/+0 dagger (4)]
   730 | D:1      | You pick up a book of the Hunter and begin reading...
   730 | D:1      | You add the spells Sigil of Binding, Call Canine Familiar
                  | and Dimensional Bullseye to your library.
   929 | D:1      | Reached skill level 2 in Invocations
  1742 | D:2      | Reached XP level 4. HP: 34/35 MP: 5/5
  1769 | D:2      | Found Xanot's Antique Armour Shop.
  2408 | D:3      | Found a faded altar of an unknown god.
  2867 | D:3      | Found a shimmering altar of Xom.
  2884 | D:3      | Reached skill level 4 in Axes
  3026 | D:3      | Reached XP level 5. HP: 41/41 MP: 7/7
  3142 | D:3      | Found a sparkling altar of Nemelex Xobeh.
  3491 | D:4      | Noticed a water moccasin
  3510 | D:4      | Killed a water moccasin
  3511 | D:4      | Reached skill level 3 in Invocations
  3862 | D:4      | Reached XP level 6. HP: 47/47 MP: 8/8
  3877 | D:4      | Noticed a black bear
  3886 | D:4      | Killed a black bear
  3887 | D:4      | Reached skill level 4 in Invocations
  4038 | D:5      | Entered Level 5 of the Dungeon
  4116 | D:5      | Reached skill level 5 in Axes
  4116 | D:5      | Reached XP level 7. HP: 35/52 MP: 10/10
  4265 | D:5      | Gained mutation: Your flesh is cold resistant. (rC+)
                  | [potion of mutation]
  4275 | D:5      | Reached skill level 5 in Invocations
  4728 | D:5      | HP: 18/78 [poisoned by a scorpion]
  4733 | D:5      | HP: 12/78 [poisoned by a scorpion]
  4951 | D:5      | Found a bloodstained altar of Trog.
  5121 | D:5      | Noticed Sigmund
  5123 | D:5      | Killed Sigmund
  5124 | D:5      | Reached skill level 6 in Axes
  5124 | D:5      | Reached skill level 6 in Invocations
  5124 | D:5      | Reached XP level 8. HP: 58/58 MP: 12/12
  5396 | D:2      | Bought a runed chain mail for 142 gold pieces
  5647 | D:6      | HP: 13/58 [gnoll/+0 whip[a gnoll bouda] (5)]
  5654 | D:6      | HP: 11/58 [gnoll/+0 whip[a gnoll bouda] (4)]
  5659 | D:6      | HP: 7/58 [gnoll/+0 whip[a gnoll bouda] (3)]
  5663 | D:6      | HP: 2/58 [gnoll/+0 whip[a gnoll bouda] (6)]
  5664 | D:6      | Slain by a gnoll

Vanquished Creatures
  Sigmund (D:5)
  A water moccasin (D:4)
  A black bear (D:4)
  An ogre (D:5)
  A sky beast (D:6)
  A centaur (D:6)
  3 scorpions (D:5)
  2 jellies
  A gnoll bouda (D:6)
  A hound (D:6)
  3 orc wizards (D:5)
  An iguana (D:5)
  7 adders
  5 gnolls
  A shadow imp (D:3)
  2 ufetubi (D:5)
  3 dart slugs (D:1)
  4 ribbon worms
  16 orcs
  5 endoplasms
  4 giant cockroaches
  9 goblins
  10 hobgoblins
  7 kobolds
  4 quokkas
  8 ball pythons
  4 bats
  4 frilled lizards
  3 rats
113 creatures vanquished.

Vanquished Creatures (others)
  2 orc wizards (D:5)
2 creatures vanquished.

Grand Total: 115 creatures vanquished

Table legend:
 A = Non-vault XP
 B = Vault XP
 C = Vault XP percentage of total XP
 D = Non-vault monster count
 E = Vault monster count
 F = Vault count percentage of total count
                 A         B        C        D         E       F
            +---------+---------+-------+---------+---------+-------
      Total |    1571 |     235 |  13.0 |     110 |       5 |   4.3
            +---------+---------+-------+---------+---------+-------
        D:1 |      50 |      16 |  24.2 |      27 |       2 |   6.9
        D:2 |      47 |       0 |   0.0 |      14 |       0 |   0.0
        D:3 |      52 |       5 |   8.8 |      15 |       2 |  11.8
        D:4 |     284 |       0 |   0.0 |      11 |       0 |   0.0
        D:5 |     721 |     214 |  22.9 |      33 |       1 |   2.9
        D:6 |     417 |       0 |   0.0 |      10 |       0 |   0.0
            +---------+---------+-------+---------+---------+-------

Skill      XL: |  1  2  3  4  5  6  7 |
---------------+----------------------+-----
Invocations    | 1 2 3 4 6 |  6.7
Axes           | 4 5 6 |  6.5
Fighting       | |  3.0
Dodging        | |  2.6

Action                     |  1- 3 |  4- 6 |  7- 9 || total
---------------------------+-------+-------+-------++-------
  Melee: Hand axe          |   101 |   101 |   173 ||   375
         Dagger            |     6 |    97 |   168 ||   271
  Evoke: Wand              |       |       |     4 ||     4
    Use: Potion            |     1 |     2 |     5 ||     8
         Scroll            |       |    12 |     1 ||    13
   Stab: Sleeping          |       |     3 |       ||     3
         Invisible         |       |     1 |       ||     1
 Armour: Robe              |    76 |    61 |    67 ||   204
         Skin              |       |       |    12 ||    12
         Chain mail        |       |       |    69 ||    69
  Dodge: Dodged            |    83 |    67 |   101 ||   251

Illustrated notes

Table legend:
 A = Kills in this place as a percentage of kills in the entire game.
 B = Kills by you in this place as a percentage of kills by you in the entire game.
 C = Kills by friends in this place as a percentage of kills by friends in the entire game.
 D = Other kills in this place as a percentage of other kills in the entire game.
 E = Experience gained in this place as a percentage of experience gained in the entire game.
 F = Experience gained in this place divided by the number of levels of this place that you have seen.
                   A       B       C       D       E      F
               +-------+-------+-------+-------+-------+----------------------
         Total | 100.0 | 100.0 |   N/A | 100.0 | 100.0 | 301.0
       Dungeon | 100.0 | 100.0 |   N/A | 100.0 | 100.0 | 301.0
               +-------+-------+-------+-------+-------+----------------------

Table legend: (Time is in decaauts)
 A = Elapsed time spent in this place.
 B = Non-inter-level travel time spent in this place.
 C = Inter-level travel time spent in this place.
 D = Time resting spent in this place.
 E = Time spent auto-exploring this place.
 F = Levels seen in this place.
 G = Mean time per level.
                   A        B        C        D        E       F      G
               +--------+--------+--------+--------+--------+-----+--------+
         Total |   5697 |   5403 |    294 |      0 |   4440 |   6 |  949.5 |
       Dungeon |   5697 |   5403 |    294 |      0 |   4440 |   6 |  949.5 |
               +--------+--------+--------+--------+--------+-----+--------+

Top non-repeatable levels by time:
     D:1: 1450 daAuts
     D:5: 1311 daAuts
     D:3: 1067 daAuts
     D:2: 958 daAuts
     D:4: 745 daAuts
     D:6: 164 daAuts
